 Dungeon Crawl Stone Soup version 0.21.0-3-g78d12a8bdd (webtiles) character file.

187 Berahthraban the Charmwright (level 5, -4/41 HPs)
             Began as a Human Skald on Jan 12, 2018.
             Was an Initiate of Okawaru.
             Slain by a centaur (7 damage)
             ... on level 5 of the Dungeon.
             The game lasted 00:14:32 (2599 turns).

Berahthraban the Charmwright (Human Skald)          Turns: 2599, Time: 00:14:32

Health: -4/41      AC:  4    Str: 11    XL:     5   Next: 99%
Magic:  0/8        EV: 13    Int: 18    God:    Okawaru [......]
Gold:   131        SH:  0    Dex: 14    Spells: 5/8 levels left

rFire    + . .     SeeInvis .   a - +1 mace (protect)
rCold    + . .     Gourm    .   (no shield)
rNeg     . . .     Faith    .   b - +0 leather armour
rPois    +         Spirit   +   o - +0 helmet
rElec    +         Reflect  .   (no cloak)
rCorr    +         Harm     .   (no gloves)
MR       .....                  (no boots)
Stlth    +.........             r - amulet of guardian spirit
HPRegen  0.13/turn              t - ring of flight
MPRegen  0.11/turn              (no ring)

@: brilliant, resistant, flying
A: no striking features
a: Renounce Religion


You were on level 5 of the Dungeon.
You worshipped Okawaru.
Okawaru was noncommittal.
You were hungry.

You visited 1 branch of the dungeon, and saw 5 of its levels.

You collected 131 gold pieces.


   Skills:
 + Level 3.1 Fighting
 + Level 3.0 Maces & Flails
 + Level 2.4 Armour
 + Level 3.0 Dodging
 - Level 2.0 Spellcasting
 + Level 3.8 Charms


You had 5 spell levels left.
You knew the following spells:

 Your Spells              Type           Power        Failure   Level  Hunger
a - Infusion              Chrm           ####         1%          1    #......
b - Song of Slaying       Chrm           ####....     1%          2    ###....

Inventory:

Hand Weapons
 a - a +1 mace of protection (weapon)
 z - a +2 dagger of speed
 A - a +0 hunting sling
 C - a +0 mace
 E - a +0 dagger of freezing
 G - a +0 hand crossbow
Missiles
 p - 48 sling bullets
 x - 36 stones (quivered)
Armour
 b - a +0 leather armour (worn)
 f - a +0 ring mail
 o - a +0 helmet (worn)
Jewellery
 q - an uncursed ring of fire
 r - an amulet of guardian spirit (around neck)
 t - a ring of flight (left hand)
Scrolls
 h - 2 scrolls of enchant weapon {unknown}
 j - 2 scrolls of blinking {unknown}
 k - a scroll of fog {unknown}
 s - 2 scrolls of teleportation {unknown}
 u - 2 scrolls of magic mapping {unknown}
 y - 2 scrolls of identify {unknown}
 B - a scroll of remove curse {unknown}
Potions
 e - a potion of haste {@q3}
 g - a potion of might {unknown}
 i - a potion of flight
 l - a potion of mutation {unknown}
 m - a potion of magic {unknown}
 n - a potion of ambrosia {unknown}
 v - a potion of brilliance
 D - a potion of heal wounds {unknown}
Books
 c - a book of Battle

   Spells                             Type                      Level
   a - Infusion                       Charms                       1
   b - Shroud of Golubria             Charms/Translocation         2
   c - Song of Slaying                Charms                       2
   d - Spectral Weapon                Hexes/Charms                 3
   e - Regeneration                   Charms/Necromancy            3
Comestibles
 d - 3 rations
 F - 2 chunks of flesh

Dungeon Overview and Level Annotations

Branches:
Dungeon (5/15)
 Temple: D:4-7

Altars:
Ashenzari
Dithmenos
Nemelex Xobeh
Okawaru
Trog
Vehumet
Zin

Annotations:
D:1 cleared
D:2 cleared
D:3 cleared
D:4 Grinder
D:5 exclusion: upstairs

#.... #<... #....
.....# ##..((
#.....##.. ..#.(.#
#........##
#......###c........##
........##..........##
#...(##...........#
##..(@#............#
###.oco............
#...((...........#
#..####..........#
....## ##........#
..... #.......# .....
##.....## .....
#....## ... #...##


You could see a centaur, an orc wizard and an orc.


Message History

You sock the centaur!
The centaur is heavily wounded.
The centaur hits you but does no damage.
The centaur hits you.
* * * LOW HITPOINT WARNING * * *
The orc hits you but does no damage.
You completely miss the centaur.
The centaur is heavily wounded.
The orc wizard casts a spell.
The orc wizard blinks!
The centaur closely misses you. The orc barely misses you.
The centaur completely misses you.
Okay, then.
It was a potion of flight.
You feel very buoyant.
You fly up into the air.
The centaur hits you!
* * * LOW HITPOINT WARNING * * *
The orc closely misses you.
It was a potion of brilliance.
You feel clever all of a sudden.
The orc wizard is no longer moving quickly.
The centaur hits you but does no damage.
The orc closely misses you. The centaur barely misses you.
It was a potion of resistance.
You feel protected. The centaur hits you!
You die...

Action                   |  1- 3 |  4- 6 || total
-------------------------+-------+-------++-------
Melee: Mace              |    73 |    68 ||   141
 Fire: Hunting sling     |       |    53 ||    53
 Cast: Infusion          |     5 |     4 ||     9
       Song of Slaying   |       |     1 ||     1
  Use: Potion            |       |     3 ||     3
 Stab: Sleeping          |       |     1 ||     1
  Eat: Chunk             |     1 |     4 ||     5
Armor: Leather armour    |    14 |    35 ||    49
Dodge: Dodged            |    49 |    68 ||   117

Vault maps used:
D:1:      doesnt_arrival_eight_statues
D:2:      first_ration, serial_bayou_pond_d, feat_on_display
D:3:      overflow_temple_1_default, grunt_temple_overflow_open,
          lemuel_round_altar
D:4:      fedhas_altar_fruit_tree, overflow_temple_1_default, uniq_pikel,
          uniq_grinder
D:5:      temple_green, basic_altar

Notes
Turn   | Place    | Note
-------+----------+-------------------------------------------
     0 | D:1      | Berahthraban the Human Skald began the quest for the Orb.
     0 | D:1      | Reached XP level 1. HP: 16/16 MP: 3/3
   130 | D:1      | Reached XP level 2. HP: 21/22 MP: 5/5
   134 | D:1      | Learned a level 2 spell: Song of Slaying
   284 | D:1      | You fall through a shaft!
   298 | D:2      | Reached XP level 3. HP: 26/27 MP: 2/6
  1076 | D:2      | Reached XP level 4. HP: 34/34 MP: 3/7
  1516 | D:3      | Found a sparkling altar of Nemelex Xobeh.
  1633 | D:3      | Found an iron altar of Okawaru.
  1633 | D:3      | Found a glowing silver altar of Zin.
  1635 | D:3      | Found a radiant altar of Vehumet.
  1635 | D:3      | Found a shadowy altar of Dithmenos.
  1637 | D:3      | Became a worshipper of Warmaster Okawaru
  1875 | D:3      | Reached skill level 2 in Armour
  1920 | D:3      | Found a shattered altar of Ashenzari.
  1944 | D:3      | Reached XP level 5. HP: 39/39 MP: 8/8
  2410 | D:4      | Found a bloodstained altar of Trog.
  2423 | D:4      | Noticed Grinder
  2430 | D:5      | Entered Level 5 of the Dungeon
  2553 | D:5      | Reached skill level 3 in Fighting
  2553 | D:5      | Reached skill level 3 in Dodging
  2570 | D:5      | Reached skill level 3 in Maces & Flails
  2583 | D:5      | Noticed a centaur
  2597 | D:5      | HP: 2/41 [centaur (7)]
  2599 | D:5      | Identified a potion of resistance
  2599 | D:5      | Slain by a centaur

Vanquished Creatures
  A hound (D:5)
  A worker ant (D:5)
  2 hound skeletons
  4 adders
  An ooze (D:3)
  2 worms
  2 dart slugs
  A leopard gecko (D:3)
  6 orcs
  5 goblins
  10 hobgoblins
  2 jackals (D:3)
  3 kobolds
  A quokka (D:5)
  3 ball pythons
  3 bats
  4 frilled lizards
  8 rats
59 creatures vanquished.
